 Dungeon Crawl Stone Soup version 0.21.1-1-g345015f (webtiles) character file.

110 shakethe the Insei (level 4, -4/28 HPs)
             Began as an Octopode Transmuter on Feb 7, 2018.
             Slain by ceb's ghost (17 damage)
             ... on level 3 of the Dungeon.
             The game lasted 00:10:04 (3348 turns).

shakethe the Insei (Octopode Transmuter)            Turns: 3348, Time: 00:10:05

Health: -4/28      AC:  1    Str:  9    XL:     4   Next: 91%
Magic:  6/7        EV: 13    Int: 15    God:
Gold:   158        SH:  0    Dex: 13    Spells: 4/8 levels left

rFire    . . .     SeeInvis .     - Unarmed
rCold    . . .     Gourm    .   (no shield)
rNeg     . . .     Faith    .   (helmet restricted)
rPois    .         Spirit   .   (no amulet)
rElec    .         Reflect  .   f - ring of flight
rCorr    .         Harm     .   m - ring of protection from magic
MR       +....                  (no ring)
Stlth    +++.......             (no ring)
HPRegen  0.09/turn              (no ring)
MPRegen  0.10/turn              (no ring)
                                (no ring)
                                (no ring)

@: appendage
A: almost no armour, stealthy swim, amphibious, 8 rings, constrict 8, tentacle
spike 3, camouflage 1, gelatinous body 1
a: End Transformation, Evoke Flight


You were on level 3 of the Dungeon.
You were not hungry.
One of your tentacles had a temporary spike.
You visited 1 branch of the dungeon, and saw 4 of its levels.

You collected 158 gold pieces.

Inventory:

Missiles
 a - 48 arrows
Jewellery
 f - a ring of flight (left tentacle)
 m - a ring of protection from magic (right tentacle)
Scrolls
 d - 6 scrolls of identify {unknown}
 e - 3 scrolls of remove curse {unknown}
 g - 2 scrolls of amnesia {unknown}
 o - a scroll of blinking {unknown}
Potions
 i - a potion of haste {unknown}
 j - a potion of heal wounds {unknown}
 k - 2 potions of berserk rage {unknown}
 l - a potion of cancellation {unknown}
 n - a potion of curing {unknown}
Books
 b - a book of Changes

   Spells                             Type                      Level
   a - Beastly Appendage              Transmutation                1
   b - Sticks to Snakes               Transmutation                2
   c - Spider Form                    Transmutation/Poison         3
   d - Ice Form                       Ice/Transmutation            4
   e - Blade Hands                    Transmutation                5
 h - Vehumet's Guide on Arcane Weapons
   (You found it on level 3 of the Dungeon)

   Spells                             Type                      Level
   a - Magic Dart                     Conjuration                  1
Comestibles
 c - 7 rations


   Skills:
 - Level 1.0 Fighting
 - Level 2.0 Dodging
 + Level 2.4 Stealth
 * Level 4.1 Unarmed Combat
 + Level 2.6 Spellcasting
 + Level 2.6 Transmutations
 + Level 0.9 Poison Magic


You had 4 spell levels left.
You knew the following spells:

 Your Spells              Type           Power        Failure   Level  Hunger
a - Beastly Appendage     Tmut           ##....       7%          1    #......
b - Spider Form           Tmut/Pois      #.........   30%         3    ###....


Dungeon Overview and Level Annotations

Branches:
Dungeon (4/15)
 Temple: D:4-7

Altars:
Hepliaklqana
Kikubaaqudgha
Makhleb
Sif Muna
Uskayaw
Vehumet

Annotations:
D:3 ceb's ghost, amateur HOFi


Innate Abilities, Weirdness & Mutations

You cannot wear most types of armour.
You are very stealthy in the water. (Stealth+)
You are amphibious.
You can wear up to eight rings at the same time.
You can use your tentacles to constrict eight enemies at once.
Your skin changes colour to match your surroundings (Stealth+).
Your rubbery body absorbs attacks. (AC +1, EV +1)
One of your tentacles bears a large vicious spike.


Message History

There is a stone staircase leading up, spattered with blood here.
The leopard gecko bites you.
You climb upwards.
Level annotation: ceb's ghost, amateur HOFi Ceb's ghost closely misses you.
There is a stone staircase leading down here.
Casting: Beastly Appendage
Confirm with . or Enter, or press ? or * to list all spells.
One of your tentacles grows a vicious spike.
The leopard gecko closely misses you.
Ceb's ghost hits you but does no damage.
You barely miss the leopard gecko. Your grab misses the leopard gecko.
You pierce the leopard gecko.
The leopard gecko is severely wounded.
The leopard gecko bites you. Ceb's ghost closely misses you.
You miss the leopard gecko. Your grab misses the leopard gecko.
The leopard gecko is severely wounded.
The leopard gecko barely misses you. Ceb's ghost hits you!
Ouch! That really hurt!
You die...

....##.####.###.# ##.#......##
##.###.####.# #.###....######
##.###.....[# #.#......# #####
........##### #........# #...##
##.####.# ##...#.### #.....
........# #...### #...##
#.#####.# #...# ##.## #.#####)#
#W..# #.# #)##....# #@..# #.#
........# #l..# #.#
..##.#..########...######## #.##
...>....#.<...............###..##
..##.............................
..##..W##......................##
.###..>.########...#####.......#
.##8#...# #...# #.....).#
#...#...# ###...## #.#...#.##


You could see ceb's ghost and a leopard gecko.

Vanquished Creatures
  An adder (D:3)
  3 worms
  3 dart slugs
  2 leopard geckos (D:3)
  10 orcs
  5 giant cockroaches
  10 goblins
  9 hobgoblins
  3 jackals (D:3)
  A ball python (D:2)
  10 bats
  A frilled lizard (D:1)
  7 kobolds
  4 rats
69 creatures vanquished.

Notes
Turn   | Place    | Note
-------+----------+-------------------------------------------
     0 | D:1      | shakethe the Octopode Transmuter began the quest for the Orb.
     0 | D:1      | Reached XP level 1. HP: 13/13 MP: 3/3
   411 | D:1      | Reached XP level 2. HP: 18/18 MP: 3/5
   618 | D:1      | Reached skill level 1 in Stealth
  1149 | D:1      | Reached XP level 3. HP: 23/23 MP: 4/6
  1679 | D:2      | Learned a level 3 spell: Spider Form
  1728 | D:2      | Found a hide-covered altar of Uskayaw.
  2007 | D:3      | Reached XP level 4. HP: 28/28 MP: 5/7
  2089 | D:3      | Noticed ceb's ghost (amateur HOFi)
  2204 | D:3      | Found an ancient bone altar of Kikubaaqudgha.
  2422 | D:3      | Found a radiant altar of Vehumet.
  2428 | D:3      | Found a deep blue altar of Sif Muna.
  2434 | D:3      | Identified Vehumet's Guide on Arcane Weapons
  2742 | D:3      | Reached skill level 4 in Unarmed Combat
  3237 | D:4      | Found a hazy altar of Hepliaklqana.
  3249 | D:4      | Found a burning altar of Makhleb.
  3348 | D:3      | Slain by ceb's ghost

Skill      XL: |  1  2  3  4 |
---------------+-------------+-----
Stealth        | 1 2 |  2.4
Unarmed Combat | 4 |  4.1
Fighting       | |  1.0
Dodging        | |  2.0
Spellcasting   | |  2.6
Transmutations | |  2.6
Poison Magic   | |  0.9

Action                   |  1- 3 |  4- 6 || total
-------------------------+-------+-------++-------
Melee: Unarmed           |    92 |    66 ||   158
       Constrict         |    31 |    20 ||    51
       Kick              |    23 |     8 ||    31
       Tentacles         |    12 |    16 ||    28
       Punch             |     2 |       ||     2
 Cast: Beastly Appendage |    23 |    10 ||    33
 Stab: Sleeping          |    12 |     2 ||    14
  Eat: Chunk             |     4 |     4 ||     8
Armor: Skin              |    15 |     6 ||    21
Dodge: Dodged            |    66 |    49 ||   115
